TOP OF THE 1ST |
Saskatoon Smokin' Guns batting - Pitching for Colorado Commanders : RHP Júlio Torres
|
Pitching: RHP Júlio Torres
|
|
Batting: RHB Tom Rowe
|
0-0: Ball 1-0: Ball 2-0: Ball 3-0: Base on Balls
|
Batting: RHB Chris Richards
|
0-0: Called Strike 0-1: Foul Ball, location: 2F 0-2: Ball 1-2: Foul Ball, location: 2F 1-2: Ball 2-2: Strikes out swinging
|
Batting: RHB Paul Swift
|
0-0: Ball Tom Rowe steals 2nd base 1-0: SINGLE (Groundball, 56D) Tom Rowe to third Runner from 3rd tries for Home, SAFE, no throw or cutoff
|
Batting: RHB Eric Neal
|
0-0: Ball 1-0: Swinging Strike 1-1: Fly out, F3 (Popup, 3F)
|
Batting: LHB Russell Peck
|
0-0: Ball 1-0: Ball 2-0: Ball 3-0: Called Strike 3-1: Base on Balls Paul Swift to second
|
Batting: LHB Raúl Casillán
|
0-0: Called Strike 0-1: Fly out, F2 (Popup, 23F)
|
Top of the 1st over - 1 run(s), 1 hit(s), 0 error(s), 2 left on base; Saskatoon 1 - Colorado 0 |
BOTTOM OF THE 1ST |
Colorado Commanders batting - Pitching for Saskatoon Smokin' Guns : RHP Luis Trujillo
|
Pitching: RHP Luis Trujillo
|
|
Batting: RHB Roberto Zamora
|
0-0: Ball 1-0: Foul Ball, location: 2F 1-1: Ball 2-1: Ball 3-1: Foul Ball, location: 2F 3-2: Base on Balls
|
Batting: RHB Arnold Harmon
|
0-0: Foul Ball, location: 2F 0-1: Ball 1-1: Foul Ball, location: 2F 1-2: Ball 2-2: Strikes out swinging
|
Batting: RHB John Riley
|
0-0: Ball 1-0: Called Strike 1-1: Foul Ball, location: 2F 1-2: TRIPLE (Flyball, 89XD) Roberto Zamora scores
|
Batting: LHB Gary Kern
|
0-0: Ball 1-0: Ball 2-0: Ball 3-0: Called Strike 3-1: Foul Ball, location: 2F 3-2: Strikes out swinging
|
Batting: SHB Ángel Díaz
|
0-0: Ball Wild Pitch! John Riley scores 1-0: Foul Ball, location: 2F 1-1: Fly out, F9 (Flyball, 9LM)
|
Bottom of the 1st over - 2 run(s), 1 hit(s), 0 error(s), 0 left on base; Saskatoon 1 - Colorado 2 |
TOP OF THE 2ND |
Saskatoon Smokin' Guns batting - Pitching for Colorado Commanders : RHP Júlio Torres
|
Batting: RHB César Rodríguez
|
0-0: Called Strike 0-1: Called Strike 0-2: Ball 1-2: Strikes out swinging
|
Batting: RHB Jason O'Toole
|
0-0: Fly out, F8 (Flyball, 8LM)
|
Batting: LHB Bo Rush
|
0-0: Ball 1-0: Called Strike 1-1: Fly out, F7 (Flyball, 7M)
|
Top of the 2nd over - 0 run(s), 0 hit(s), 0 error(s), 0 left on base; Saskatoon 1 - Colorado 2 |
BOTTOM OF THE 2ND |
Colorado Commanders batting - Pitching for Saskatoon Smokin' Guns : RHP Luis Trujillo
|
Batting: RHB Xavier De La Cruz
|
0-0: Swinging Strike 0-1: Foul Ball, location: 2F 0-2: Strikes out swinging
|
Batting: RHB Lee Price
|
0-0: Ground out 6-3 (Groundball, 6)
|
Batting: RHB Emiel van Rhee
|
0-0: Called Strike 0-1: Swinging Strike 0-2: Ball 1-2: Ball 2-2: Foul Ball, location: 2F 2-2: Ball 3-2: Strikes out swinging
|
Bottom of the 2nd over - 0 run(s), 0 hit(s), 0 error(s), 0 left on base; Saskatoon 1 - Colorado 2 |
TOP OF THE 3RD |
Saskatoon Smokin' Guns batting - Pitching for Colorado Commanders : RHP Júlio Torres
|
Batting: RHB Tom Rowe
|
0-0: Swinging Strike 0-1: Ball 1-1: Foul Ball, location: 2F 1-2: Strikes out swinging
|
Batting: RHB Chris Richards
|
0-0: Ball 1-0: Foul Ball, location: 2F 1-1: Swinging Strike 1-2: Fly out, F7 (Flyball, 7M)
|
Batting: RHB Paul Swift
|
0-0: Called Strike 0-1: Ball 1-1: Foul Ball, location: 2F 1-2: Foul Ball, location: 2F 1-2: Ball 2-2: Fly out, F4 (Popup, 4MD)
|
Top of the 3rd over - 0 run(s), 0 hit(s), 0 error(s), 0 left on base; Saskatoon 1 - Colorado 2 |
BOTTOM OF THE 3RD |
Colorado Commanders batting - Pitching for Saskatoon Smokin' Guns : RHP Luis Trujillo
|
Batting: RHB Richard Pendergast
|
0-0: SINGLE (Groundball, 3D)
|
Batting: RHB Roberto Zamora
|
0-0: Called Strike 0-1: Foul Ball, location: 2F 0-2: Ball 1-2: Ball 2-2: Foul Ball, location: 2F 2-2: Foul Ball, location: 2F 2-2: Foul Ball, location: 2F 2-2: Fly out, F2 (Popup, 2RF)
|
Batting: RHB Arnold Harmon
|
0-0: Swinging Strike 0-1: Ball 1-1: Ball 2-1: Foul Ball, location: 2F 2-2: Ball Richard Pendergast is caught stealing 2nd base 3-2: Foul Ball, location: 2F 3-2: Foul Ball, location: 2F 3-2: Base on Balls
|
Batting: RHB John Riley
|
0-0: Called Strike 0-1: Foul Ball, location: 2F 0-2: Ball 1-2: Foul Ball, location: 2F 1-2: Ball Arnold Harmon steals 2nd base 2-2: Ball 3-2: Strikes out looking
|
Bottom of the 3rd over - 0 run(s), 1 hit(s), 0 error(s), 1 left on base; Saskatoon 1 - Colorado 2 |
TOP OF THE 4TH |
Saskatoon Smokin' Guns batting - Pitching for Colorado Commanders : RHP Júlio Torres
|
Batting: RHB Eric Neal
|
0-0: Ball 1-0: Foul Ball, location: 2F 1-1: Swinging Strike 1-2: Fly out, F4 (Popup, 3DF)
|
Batting: LHB Russell Peck
|
0-0: Called Strike 0-1: Fly out, F7 (Line Drive, 7M)
|
Batting: LHB Raúl Casillán
|
0-0: Called Strike 0-1: Called Strike 0-2: Fly out, F8 (Line Drive, 8LS)
|
Top of the 4th over - 0 run(s), 0 hit(s), 0 error(s), 0 left on base; Saskatoon 1 - Colorado 2 |
BOTTOM OF THE 4TH |
Colorado Commanders batting - Pitching for Saskatoon Smokin' Guns : RHP Luis Trujillo
|
Batting: LHB Gary Kern
|
0-0: Ball 1-0: Foul Ball, location: 2F 1-1: Ball 2-1: Called Strike 2-2: Ball 3-2: Strikes out swinging, 2-3 out at first.
|
Batting: SHB Ángel Díaz
|
0-0: Ball 1-0: Ball 2-0: Called Strike 2-1: Ground out 4-3 (Groundball, 4)
|
Batting: RHB Xavier De La Cruz
|
0-0: Called Strike 0-1: Ball 1-1: Ball 2-1: SOLO HOME RUN (Flyball, 7D), Distance : 353 ft
|
Batting: RHB Lee Price
|
0-0: SINGLE (Line Drive, 56D)
|
Batting: RHB Emiel van Rhee
|
0-0: Ball 1-0: Fly out, F9 (Flyball, 9S)
|
Bottom of the 4th over - 1 run(s), 2 hit(s), 0 error(s), 1 left on base; Saskatoon 1 - Colorado 3 |
TOP OF THE 5TH |
Saskatoon Smokin' Guns batting - Pitching for Colorado Commanders : RHP Júlio Torres
|
Batting: RHB César Rodríguez
|
0-0: Ball 1-0: Ball 2-0: Ground out 5-3 (Groundball, 56)
|
Batting: RHB Jason O'Toole
|
0-0: Ball 1-0: Ball 2-0: Called Strike 2-1: Ball 3-1: Foul Ball, location: 2F 3-2: Strikes out swinging
|
Batting: LHB Bo Rush
|
0-0: Ball 1-0: Foul Ball, location: 2F 1-1: Ball 2-1: Ball 3-1: Fly out, F7 (Flyball, 78S)
|
Top of the 5th over - 0 run(s), 0 hit(s), 0 error(s), 0 left on base; Saskatoon 1 - Colorado 3 |
BOTTOM OF THE 5TH |
Colorado Commanders batting - Pitching for Saskatoon Smokin' Guns : RHP Luis Trujillo
|
Batting: RHB Richard Pendergast
|
0-0: Called Strike 0-1: Ball 1-1: Foul Ball, location: 2F 1-2: Strikes out swinging
|
Batting: RHB Roberto Zamora
|
0-0: Ball 1-0: SINGLE (Line Drive, 5)
|
Batting: RHB Arnold Harmon
|
0-0: DOUBLE (Groundball, 5L) Roberto Zamora to third
|
Batting: RHB John Riley
|
0-0: Ball 1-0: Fly out, F9 (Flyball, 9M) Runner from 3rd tags up, SCORES, throw made
|
Pitching: RHP Bernie Titus
|
|
Batting: LHB Gary Kern
|
0-0: Ball 1-0: Ball 2-0: Called Strike 2-1: Swinging Strike 2-2: Strikes out swinging
|
Bottom of the 5th over - 1 run(s), 2 hit(s), 0 error(s), 1 left on base; Saskatoon 1 - Colorado 4 |
TOP OF THE 6TH |
Saskatoon Smokin' Guns batting - Pitching for Colorado Commanders : RHP Júlio Torres
|
Batting: RHB Tom Rowe
|
0-0: Foul Ball, location: 2F 0-1: Ground out 5-3 (Groundball, 5S)
|
Batting: RHB Chris Richards
|
0-0: Swinging Strike 0-1: Foul Ball, location: 2F 0-2: Foul Ball, location: 2F 0-2: Ball 1-2: Strikes out swinging
|
Batting: RHB Paul Swift
|
0-0: Ground out 6-3 (Groundball, 56)
|
Top of the 6th over - 0 run(s), 0 hit(s), 0 error(s), 0 left on base; Saskatoon 1 - Colorado 4 |
BOTTOM OF THE 6TH |
Colorado Commanders batting - Pitching for Saskatoon Smokin' Guns : RHP Bernie Titus
|
Batting: SHB Ángel Díaz
|
0-0: Ball 1-0: Foul Ball, location: 2F 1-1: Swinging Strike 1-2: Strikes out swinging
|
Batting: RHB Xavier De La Cruz
|
0-0: Ball 1-0: Foul Ball, location: 2F 1-1: Ball 2-1: Swinging Strike 2-2: Ball 3-2: Strikes out swinging
|
Batting: RHB Lee Price
|
0-0: Ball 1-0: Ball 2-0: SINGLE (Groundball, 5L)
|
Batting: RHB Emiel van Rhee
|
0-0: Ball 1-0: Foul Ball, location: 2F 1-1: Ball 2-1: Ball 3-1: Base on Balls Lee Price to second
|
Batting: RHB Richard Pendergast
|
0-0: Called Strike 0-1: Ball 1-1: Swinging Strike 1-2: Ball 2-2: Ball 3-2: Strikes out looking
|
Bottom of the 6th over - 0 run(s), 1 hit(s), 0 error(s), 2 left on base; Saskatoon 1 - Colorado 4 |
TOP OF THE 7TH |
Saskatoon Smokin' Guns batting - Pitching for Colorado Commanders : RHP Júlio Torres
|
Batting: RHB Eric Neal
|
0-0: Hit by Pitch
|
Batting: LHB Russell Peck
|
0-0: Ball 1-0: Called Strike 1-1: Ball Eric Neal steals 2nd base 2-1: Ball 3-1: Called Strike 3-2: Base on Balls
|
Batting: LHB Raúl Casillán
|
0-0: Called Strike 0-1: Ball 1-1: Ball 2-1: Fly out, F8 (Flyball, 8LM)
|
Pitching: RHP Christian Camden
|
|
Batting: RHB César Rodríguez
|
0-0: Swinging Strike 0-1: Called Strike 0-2: Ball 1-2: Foul Ball, location: 2F 1-2: Fielders Choice at 2nd, 6-4 (Groundball, 6) Eric Neal to third
|
Batting: RHB Jason O'Toole
|
0-0: Ball 1-0: Called Strike César Rodríguez steals 2nd base 1-1: Swinging Strike 1-2: Ball 2-2: Strikes out swinging
|
Top of the 7th over - 0 run(s), 0 hit(s), 0 error(s), 2 left on base; Saskatoon 1 - Colorado 4 |
BOTTOM OF THE 7TH |
Colorado Commanders batting - Pitching for Saskatoon Smokin' Guns : RHP Bernie Titus
|
Pitching: RHP José Pérez
|
|
Batting: RHB Roberto Zamora
|
0-0: Called Strike 0-1: Swinging Strike 0-2: Ball 1-2: Ball 2-2: Strikes out swinging
|
Batting: RHB Arnold Harmon
|
0-0: Ball 1-0: Called Strike 1-1: Swinging Strike 1-2: Ball 2-2: Strikes out looking
|
Batting: RHB John Riley
|
0-0: Called Strike 0-1: Ball 1-1: Called Strike 1-2: Strikes out looking
|
Bottom of the 7th over - 0 run(s), 0 hit(s), 0 error(s), 0 left on base; Saskatoon 1 - Colorado 4 |
TOP OF THE 8TH |
Saskatoon Smokin' Guns batting - Pitching for Colorado Commanders : RHP Christian Camden
|
Batting: LHB Bo Rush
|
0-0: Called Strike 0-1: Swinging Strike 0-2: Strikes out looking
|
Batting: RHB Tom Rowe
|
0-0: Ball 1-0: Ball 2-0: Ball 3-0: Called Strike 3-1: Called Strike 3-2: Foul Ball, location: 2F 3-2: Strikes out swinging
|
Batting: RHB Chris Richards
|
0-0: Ball 1-0: Called Strike 1-1: Foul Ball, location: 2F 1-2: Ball 2-2: Foul Ball, location: 2F 2-2: Strikes out swinging
|
Top of the 8th over - 0 run(s), 0 hit(s), 0 error(s), 0 left on base; Saskatoon 1 - Colorado 4 |
BOTTOM OF THE 8TH |
Colorado Commanders batting - Pitching for Saskatoon Smokin' Guns : RHP José Pérez
|
Batting: LHB Gary Kern
|
0-0: Called Strike 0-1: Hit by Pitch
|
Batting: SHB Ángel Díaz
|
0-0: Foul Ball, location: 2F 0-1: Ball 1-1: Called Strike 1-2: Strikes out swinging
|
Batting: RHB Xavier De La Cruz
|
0-0: Foul Ball, location: 2F 0-1: Called Strike 0-2: Ball 1-2: Strikes out swinging
|
Batting: RHB Lee Price
|
0-0: Swinging Strike 0-1: Called Strike 0-2: Strikes out swinging
|
Bottom of the 8th over - 0 run(s), 0 hit(s), 0 error(s), 1 left on base; Saskatoon 1 - Colorado 4 |
TOP OF THE 9TH |
Saskatoon Smokin' Guns batting - Pitching for Colorado Commanders : RHP Christian Camden
|
Pitching: RHP Jonathan Long
|
|
Batting: RHB Paul Swift
|
0-0: Called Strike 0-1: Ball 1-1: Foul Ball, location: 2F 1-2: Strikes out looking
|
Batting: RHB Eric Neal
|
0-0: Called Strike 0-1: Swinging Strike 0-2: Ball 1-2: Strikes out swinging
|
Batting: LHB Russell Peck
|
0-0: Called Strike 0-1: Ball 1-1: SINGLE (Line Drive, 4MD)
|
Batting: LHB Raúl Casillán
|
0-0: Ball 1-0: Ball 2-0: Called Strike 2-1: Foul Ball, location: 2F 2-2: Foul Ball, location: 2F 2-2: Ball 3-2: Base on Balls Russell Peck to second
|
Batting: RHB César Rodríguez
|
0-0: Foul Ball, location: 2F 0-1: Ball 1-1: SINGLE (Line Drive, 34D) Russell Peck to third Raúl Casillán to second Runner from 3rd tries for Home, SAFE, no throw or cutoff
|
Batting: RHB Jason O'Toole
|
0-0: Foul Ball, location: 2F 0-1: Foul Ball, location: 2F 0-2: Strikes out swinging
|
Top of the 9th over - 1 run(s), 2 hit(s), 0 error(s), 2 left on base; Saskatoon 2 - Colorado 4 |
|